General information
- name: BNet
- type: Ladder team game (AT/RT)
- host: Battle.net
- saver: sc2no.wc4yes
map: Friends
- players: 8
- length: 15:31
- speed: Fast
- version: 1.26 W3XP
- replay type: Public
» download(109 KB)
Players
team 1 (winner)
bad_acc_name (
teal | 50 APM | 774 actions | 15:28)
2 Demon Hunter
1 Immolation
1 Evasion
» actions
| Assign group hotkey | 13 | |
| Basic commands | 11 | |
| Build / train | 35 | |
| Enter build submenu | 14 | |
| Enter hero's abilities submenu | 2 | |
| Remove unit from queue | 2 | |
| Right click | 385 | |
| Select / deselect | 178 | |
| Select group hotkey | 99 | |
| Use ability | 35 | |
774 total
» units
| Wisp | 11 | |
| Chimaera | 5 | |
| Hippogryph | 1 | |
17 total
» upgrades
» buildings
| Altar of Elders | 1 | |
| Moon Well | 6 | |
| Tree of Ages | 1 | |
| Tree of Eternity | 1 | |
| Ancient of Wind | 2 | |
| Hunter's Hall | 1 | |
| Chimaera Roost | 3 | |
15 total
» build order
01:03 Altar of Elders
01:16 Moon Well
01:51 Tree of Ages
05:02 Tree of Eternity
06:35 Ancient of Wind
06:37 Moon Well
06:39 Moon Well
06:42 Moon Well
06:51 Moon Well
06:56 Hunter's Hall
07:41 Chimaera Roost
07:47 Chimaera Roost
08:50 Chimaera Roost
09:43 Ancient of Wind
13:09 Moon Well
» items
| Healing Salve | 3 | |
| Lesser Clarity Potion | 1 | |
| Scroll of Speed | 3 | |
| Potion of Healing | 2 | |
| Scroll of Town Portal | 1 | |
10 total
JRMYFUKINGLIN (
red | 87 APM | 1314 actions | 15:09)
1 Blademaster
1 Wind Walk
» actions
| Assign group hotkey | 3 | |
| Basic commands | 3 | |
| Build / train | 41 | |
| Enter build submenu | 34 | |
| Enter hero's abilities submenu | 1 | |
| Right click | 904 | |
| Select / deselect | 231 | |
| Select group hotkey | 34 | |
| Use ability | 63 | |
1314 total
» units
| Peon | 20 | |
| Grunt | 5 | |
| Demolisher | 5 | |
| Wind Rider | 1 | |
| Raider | 1 | |
32 total
» upgrades
| Spiked Barricades | 2 | |
| Ensnare | 1 | |
3 total
» buildings
| Altar of Storms | 1 | |
| Barracks | 2 | |
| Orc Burrow | 3 | |
| Voodoo Lounge | 1 | |
| War Mill | 1 | |
| Watch Tower | 20 | |
| Stronghold | 1 | |
| Beastiary | 2 | |
31 total
» build order
00:23 Altar of Storms
00:26 Barracks
00:30 Orc Burrow
01:49 Voodoo Lounge
01:54 War Mill
02:17 Orc Burrow
03:09 Barracks
03:28 Watch Tower
03:31 Watch Tower
03:33 Watch Tower
04:11 Watch Tower
04:15 Watch Tower
04:26 Watch Tower
04:37 Watch Tower
04:47 Watch Tower
05:08 Orc Burrow
05:15 Watch Tower
05:17 Watch Tower
05:58 Watch Tower
06:12 Watch Tower
06:15 Watch Tower
06:35 Watch Tower
06:55 Stronghold
07:35 Watch Tower
08:08 Watch Tower
08:28 Watch Tower
08:42 Watch Tower
08:44 Watch Tower
08:51 Watch Tower
09:33 Beastiary
14:44 Beastiary
» items
| Healing Salve | 2 | |
| Lesser Clarity Potion | 1 | |
3 total

»
STAR.LIFE (
pink | 50 APM | 766 actions | 15:28)
2 Demon Hunter
1 Mana Burn
1 Evasion
» actions
| Assign group hotkey | 1 | |
| Build / train | 23 | |
| ESC pressed | 1 | |
| Enter build submenu | 7 | |
| Enter hero's abilities submenu | 2 | |
| Right click | 544 | |
| Select / deselect | 132 | |
| Select group hotkey | 1 | |
| Use ability | 55 | |
766 total
» units
» buildings
| Ancient of War | 1 | |
| Altar of Elders | 1 | |
| Moon Well | 2 | |
| Tree of Life | 1 | |
5 total
» build order
00:15 Ancient of War
00:19 Altar of Elders
00:31 Moon Well
01:19 Moon Well
10:29 Tree of Life
» items

»
pollo_asado (
yellow | 44 APM | 684 actions | 15:28)
3 Shadow Hunter
1 Hex
2 Healing Wave
1 Tauren Chieftain
1 Endurance Aura
» actions
| Assign group hotkey | 20 | |
| Basic commands | 37 | |
| Build / train | 39 | |
| Enter build submenu | 13 | |
| Enter hero's abilities submenu | 4 | |
| Remove unit from queue | 3 | |
| Right click | 312 | |
| Select / deselect | 146 | |
| Select group hotkey | 76 | |
| Use ability | 34 | |
684 total
» units
| Peon | 9 | |
| Grunt | 7 | |
| Spirit Walker | 2 | |
| Kodo Beast | 1 | |
19 total
» upgrades
| Berserker Strength | 1 | |
| Armor | 1 | |
| Melee Weapons | 1 | |
| Spirit Walker Training | 2 | |
| War Drums Damage Increase | 1 | |
6 total
» buildings
| Barracks | 1 | |
| Orc Burrow | 8 | |
| Altar of Storms | 1 | |
| Voodoo Lounge | 1 | |
| Stronghold | 1 | |
| War Mill | 1 | |
| Beastiary | 1 | |
| Spirit Lodge | 1 | |
| Fortress | 1 | |
| Tauren Totem | 2 | |
18 total
» build order
00:23 Barracks
00:57 Orc Burrow
01:37 Altar of Storms
01:40 Orc Burrow
01:58 Orc Burrow
06:17 Voodoo Lounge
06:30 Stronghold
06:33 Orc Burrow
07:42 War Mill
09:43 Beastiary
09:47 Spirit Lodge
09:54 Fortress
10:01 Orc Burrow
10:02 Orc Burrow
10:05 Orc Burrow
10:06 Orc Burrow
14:06 Tauren Totem
14:11 Tauren Totem
» items
| Healing Salve | 2 | |
| Belt of Giant Strength +6 | 1 | |
| Mana Stone | 1 | |
| Health Stone | 1 | |
5 total
team 2 (loser)

»
dontbackdown (
orange | 31 APM | 482 actions | 15:28)
4 Death Knight
2 Death Coil
1 Death Pact
1 Unholy Aura
4 Lich
2 Frost Nova
2 Frost Armor
» actions
| Basic commands | 1 | |
| Build / train | 37 | |
| Enter build submenu | 14 | |
| Enter hero's abilities submenu | 8 | |
| Right click | 257 | |
| Select / deselect | 123 | |
| Use ability | 42 | |
482 total
» units
| Acolyte | 3 | |
| Ghoul | 9 | |
| Crypt Fiend | 1 | |
| Frost Wyrm | 6 | |
| Forest Troll Shadow Priest | 1 | |
20 total
» upgrades
| Creature Attack | 2 | |
| Creature Carapace | 1 | |
3 total
» buildings
| Crypt | 1 | |
| Altar of Darkness | 1 | |
| Ziggurat | 6 | |
| Tomb of Relics | 1 | |
| Nerubian Tower | 1 | |
| Halls of the Dead | 1 | |
| Black Citadel | 1 | |
| Graveyard | 1 | |
| Sacrificial Pit | 1 | |
| Boneyard | 2 | |
16 total
» build order
00:11 Crypt
00:14 Altar of Darkness
00:30 Ziggurat
01:13 Tomb of Relics
01:41 Ziggurat
03:12 Nerubian Tower
03:15 Ziggurat
03:46 Halls of the Dead
06:11 Black Citadel
06:17 Graveyard
06:22 Ziggurat
06:54 Ziggurat
07:52 Sacrificial Pit
08:42 Boneyard
08:45 Boneyard
10:32 Ziggurat
» items

»
sc2no.wc4yes (
green | 68 APM | 1052 actions | 15:31)
3 Pit Lord
2 Rain of Fire
1 Cleaving Attack
1 Archmage
1 Blizzard
» actions
| Assign group hotkey | 25 | |
| Basic commands | 8 | |
| Build / train | 106 | |
| ESC pressed | 2 | |
| Enter build submenu | 39 | |
| Enter hero's abilities submenu | 4 | |
| Give item / drop item | 1 | |
| Right click | 378 | |
| Select / deselect | 173 | |
| Select group hotkey | 204 | |
| Use ability | 112 | |
1052 total
» units
» upgrades
| Masonry | 3 | |
| Gunpowder | 1 | |
| Lumber Harvesting | 2 | |
| Fragmentation Shards | 2 | |
8 total
» buildings
| Lumber Mill | 1 | |
| Scout Tower | 28 | |
| Guard Tower | 25 | |
| Arcane Tower | 6 | |
| Farm | 4 | |
| Town Hall | 2 | |
| Arcane Vault | 2 | |
| Altar of Kings | 1 | |
| Keep | 4 | |
| Blacksmith | 1 | |
| Castle | 1 | |
| Workshop | 1 | |
76 total
» build order
00:09 Lumber Mill
00:54 Scout Tower
01:04 Scout Tower
01:07 Guard Tower
01:07 Guard Tower
01:19 Guard Tower
01:19 Guard Tower
01:21 Scout Tower
01:41 Guard Tower
01:54 Scout Tower
02:10 Scout Tower
02:19 Scout Tower
02:20 Guard Tower
02:27 Scout Tower
02:47 Arcane Tower
02:48 Guard Tower
02:58 Guard Tower
03:01 Scout Tower
03:05 Farm
03:07 Scout Tower
03:18 Guard Tower
03:32 Scout Tower
03:55 Arcane Tower
04:09 Scout Tower
04:12 Arcane Tower
04:16 Scout Tower
04:19 Scout Tower
04:21 Scout Tower
04:25 Guard Tower
04:35 Town Hall
04:37 Scout Tower
04:47 Guard Tower
04:47 Guard Tower
04:55 Arcane Vault
04:59 Altar of Kings
05:01 Scout Tower
05:04 Scout Tower
05:09 Guard Tower
05:09 Guard Tower
05:16 Guard Tower
05:16 Guard Tower
05:16 Guard Tower
05:28 Arcane Tower
05:32 Guard Tower
05:40 Farm
06:16 Scout Tower
06:33 Town Hall
06:47 Arcane Tower
06:53 Scout Tower
06:54 Scout Tower
07:51 Keep
07:51 Keep
07:51 Keep
08:14 Guard Tower
08:46 Blacksmith
08:50 Scout Tower
08:51 Scout Tower
08:51 Scout Tower
08:51 Scout Tower
08:52 Scout Tower
08:53 Scout Tower
08:54 Scout Tower
08:55 Scout Tower
09:59 Arcane Vault
10:04 Guard Tower
10:13 Castle
10:48 Guard Tower
11:56 Workshop
12:36 Guard Tower
13:20 Arcane Tower
13:51 Farm
14:29 Farm
» items
| Lesser Clarity Potion | 9 | |
| Mechanical Critter | 2 | |
| Scroll of Regeneration | 5 | |
| Potion of Healing | 4 | |
| Ivory Tower | 7 | |
| Staff of Sanctuary | 2 | |
| Potion of Mana | 1 | |
30 total

»
afische (
blue | 41 APM | 635 actions | 15:28)
2 Crypt Lord
1 Carrion Beetles
1 Impale
2 Death Knight
1 Death Coil
1 Unholy Aura
» actions
| Build / train | 37 | |
| Enter build submenu | 14 | |
| Enter hero's abilities submenu | 4 | |
| Remove unit from queue | 1 | |
| Right click | 392 | |
| Select / deselect | 156 | |
| Use ability | 31 | |
635 total
» units
| Acolyte | 4 | |
| Ghoul | 5 | |
| Crypt Fiend | 8 | |
| Frost Wyrm | 3 | |
20 total
» upgrades
| Creature Carapace | 1 | |
| Creature Attack | 1 | |
| Web | 1 | |
3 total
» buildings
| Ziggurat | 8 | |
| Altar of Darkness | 1 | |
| Crypt | 1 | |
| Graveyard | 1 | |
| Halls of the Dead | 1 | |
| Spirit Tower | 2 | |
| Nerubian Tower | 1 | |
| Black Citadel | 1 | |
| Sacrificial Pit | 1 | |
| Boneyard | 2 | |
19 total
» build order
00:07 Ziggurat
00:13 Altar of Darkness
00:17 Crypt
01:30 Graveyard
01:44 Ziggurat
03:16 Ziggurat
04:19 Halls of the Dead
05:26 Ziggurat
07:10 Spirit Tower
07:11 Nerubian Tower
07:25 Spirit Tower
08:46 Black Citadel
10:02 Ziggurat
10:05 Ziggurat
10:09 Sacrificial Pit
11:45 Boneyard
11:49 Boneyard
11:54 Ziggurat
15:20 Ziggurat
» items
stillsearching (
purple | 44 APM | 687 actions | 15:28)
4 Priestess of the Moon
2 Scout
2 Trueshot Aura
» actions
| Assign group hotkey | 27 | |
| Basic commands | 3 | |
| Build / train | 46 | |
| Enter build submenu | 17 | |
| Enter hero's abilities submenu | 4 | |
| Remove unit from queue | 1 | |
| Right click | 361 | |
| Select / deselect | 185 | |
| Select group hotkey | 12 | |
| Use ability | 31 | |
687 total
» units
| Wisp | 14 | |
| Archer | 10 | |
| Hippogryph | 5 | |
| Chimaera | 4 | |
33 total
» buildings
| Altar of Elders | 1 | |
| Moon Well | 6 | |
| Ancient of War | 2 | |
| Tree of Ages | 1 | |
| Hunter's Hall | 1 | |
| Tree of Eternity | 1 | |
| Ancient of Wind | 1 | |
| Chimaera Roost | 3 | |
16 total
» build order
00:11 Altar of Elders
00:18 Moon Well
01:11 Ancient of War
01:30 Moon Well
01:57 Ancient of War
02:42 Moon Well
04:24 Tree of Ages
06:32 Hunter's Hall
07:37 Tree of Eternity
07:41 Ancient of Wind
08:40 Moon Well
10:08 Chimaera Roost
10:10 Chimaera Roost
11:15 Chimaera Roost
11:35 Moon Well
12:49 Moon Well
» items
| Scroll of Regeneration | 2 | |
| Scroll of Town Portal | 1 | |
| Dust of Appearance | 1 | |
| Potion of Healing | 1 | |
5 total
Chat log
(00:10 / All) pollo_asado: green
(00:18 / All) pollo_asado: i lvoe you
(00:42 / All) stillsearching: same noob?
(00:44 / All) pollo_asado: wheres warcraft 4?
(00:58 / All) JRMYFUKINGLIN: green's going fucking leeroy jenkins
(01:03 / All) JRMYFUKINGLIN: hardcore tower...
(01:04 / All) JRMYFUKINGLIN: wow
(01:12 / Allies) sc2no.wc4yes: come all
(01:15 / Allies) sc2no.wc4yes: also wood and gold pls
(01:32 / Allies) sc2no.wc4yes: its our only shot at winning
(01:36 / Allies) sc2no.wc4yes: now that ive committed to it
(01:38 / Allies) sc2no.wc4yes: either cooperate or leave
(01:53 / Allies) stillsearching: ill double rax archers
(02:01 / Allies) sc2no.wc4yes: how abotu some wood and gold tho
(02:08 / Allies) stillsearching: supposed to make it so they cant see in 4v4
(02:36 / Allies) sc2no.wc4yes: wood now
(03:02 / Allies) stillsearching: got owl
(03:21 / Allies) stillsearching: ill get
(03:58 / Allies) sc2no.wc4yes: w00d forever
(04:04 / Allies) sc2no.wc4yes: get hte towers
(04:04 / Allies) sc2no.wc4yes: fast
(09:17 / Allies) stillsearching: care
(10:19 / Allies) stillsearching: green u did great now its time to make units
(11:11 / Allies) sc2no.wc4yes: wood pls
(12:06 / Allies) sc2no.wc4yes: feeling a bit lonely over here..
(12:12 / Allies) stillsearching: make units!
(12:12 / Allies) dontbackdown: blue there
(12:29 / Allies) sc2no.wc4yes: i ahve chims and pults INSIDE my town
(12:33 / Allies) sc2no.wc4yes: how about you USE the units you MADE
(14:08 / All) sc2no.wc4yes: great manaburns turd
(14:12 / All) sc2no.wc4yes: you know what would be even better?
(14:14 / All) sc2no.wc4yes: keeping your base alive
(15:28 / All) pollo_asado: drop hacks anyone lol